 Dungeon Crawl Stone Soup version 0.31-a0-369-g8eba5f6939 (webtiles) character file.

Game seed: 890182569257708345

35771 Hubris850 the Thaumaturge (level 13, -1/86 HPs)
             Began as a Red Draconian Ice Elementalist on July 28, 2023.
             Was a High Priest of Sif Muna.
             Slain by a death yak (21 damage)
             ... on level 4 of the Lair of Beasts.
             The game lasted 01:24:26 (19769 turns).

Hubris850 the Thaumaturge (DrIE)                   Turns: 19769, Time: 01:24:26

Health: -1/86      AC: 13    Str: 10    XL:     13   Next: 49%
Magic:  9/28       EV: 18    Int: 19    God:    Sif Muna [*****.]
Gold:   948        SH:  5    Dex: 14    Spells: 14/35 levels left

rFire   + . .        k - +6 dagger (speed)
rCold   . . .        (no shield)
rNeg    . . .        (body armour unavailable)
rPois   +            N - +2 hat
rElec   .            j - +0 cloak
rCorr   .            (no gloves)
SInv    .            C - +1 pair of boots
Will    .....        b - amulet of reflection
Stlth   ++           E - +5 ring of evasion
HPRegen 0.34/turn    B - ring of poison resistance
MPRegen 0.21/turn

%: reflection
@: no status effects
A: breathe fire, AC +8, unfitting armour, fire resistance 1, cold-blooded
a: Breathe Fire, Renounce Religion, Channel Magic, Forget Spell, Divine Exegesis


You were on level 4 of the Lair of Beasts.
You worshipped Sif Muna.
Sif Muna was extremely pleased with you.
You visited 3 branches of the dungeon, and saw 18 of its levels.
You also visited: Sewer and Gauntlet.

You collected 972 gold pieces.
You spent 24 gold pieces at shops.

Inventory:

Hand Weapons
 c - a +0 dagger
 d - a +2 dagger of draining
 k - a +6 dagger of speed (weapon)
 G - a +3 heavy short sword
Missiles
 i - 16 poisoned darts (quivered)
 H - 2 throwing nets
 I - 4 silver javelins
 K - a curare-tipped dart
Armour
 f - a +0 pair of boots
 j - a +0 cloak (worn)
 z - a scarf of invisibility
 C - a +1 pair of boots (worn)
 N - a +2 hat (worn)
Jewellery
 b - an amulet of reflection (around neck)
 g - a +5 ring of evasion
 l - the ring "Pizonlem" {rElec Dex+6}
   (You found it in a Gauntlet)

   [ring of dexterity]

   Dex:       It affects your dexterity (+6).
   rElec:     It insulates you from electricity.
 n - a ring of magical power
 q - an amulet of guardian spirit
 B - a ring of poison resistance (right hand)
 E - a +5 ring of evasion (left hand)
Wands
 t - a wand of iceblast (27)
 v - a wand of charming (4)
 M - a wand of light (5)
 T - a wand of flame (7)
Scrolls
 e - 2 scrolls of revelation
 m - 3 scrolls of fog
 p - 2 scrolls of vulnerability
 s - 5 scrolls of teleportation
 u - 2 scrolls of poison
 w - 2 scrolls of enchant armour
 x - 4 scrolls of blinking
 y - 2 scrolls of silence
 F - 2 scrolls of amnesia
 L - a scroll of summoning
 Q - 2 scrolls of torment
 R - 2 scrolls of immolation
 S - 3 scrolls of identify
Potions
 a - 3 potions of magic
 h - 3 potions of mutation
 o - a potion of lignification
 r - 7 potions of curing
 A - 4 potions of attraction
 D - a potion of haste
 J - a potion of berserk rage
 P - a potion of brilliance {unknown}
 U - a potion of might
Miscellaneous
 O - a tin of tremorstones (2/2)


   Skills:
 - Level 10.0 Short Blades
 - Level 3.5 Dodging
 - Level 2.0 Stealth
 + Level 11.6 Spellcasting
 + Level 6.9 Conjurations
 - Level 5.4 Hexes
 + Level 9.7 Summonings
 - Level 9.2 Ice Magic
 + Level 3.7 Evocations


You had 14 spell levels left.
You knew the following spells:

 Your Spells              Type           Power      Damage    Failure   Level
a - Freeze                Ice            100%       1d10      1%          1
b - Frozen Ramparts       Ice            92%        1d14      1%          3
c - Ozocubu's Armour      Ice            46%        N/A       1%          3
d - Summon Ice Beast      Ice/Summ       47%        N/A       1%          4
e - Hailstorm             Conj/Ice       41%        3d10      1%          3
f - Metabolic Englaciati  Hex/Ice        19%        N/A       9%          5
g - Ensorcelled Hibernat  Hex/Ice        78%        N/A       1%          2

Your spell library contained the following spells:

 Spells                   Type           Power      Damage    Failure   Level
 Magic Dart               Conj           100%       1d8       1%          1
 Call Imp                 Summ           94%        N/A       1%          2
 Static Discharge         Conj/Air       48%        2-4/arc   2%          2
 Inner Flame              Hex/Fire       21%        N/A       6%          3
 Mephitic Cloud           Conj/Pois/Air  19%        N/A       8%          3
 Lesser Beckoning         Tloc           22%        N/A       10%         2
 Sublimation of Blood     Necr           11%        N/A       10%         2
 Wereblood                Tmut           11%        N/A       10%         2
 Flame Wave               Conj/Fire      24%        2d8       16%         4
 Iskenderun's Mystic Bla  Conj/Tloc      24%        2d7       16%         4
 Sticky Flame             Conj/Fire      24%        2d5       16%         4
 Gell's Gravitas          Tloc           11%        N/A       19%         3
 Teleport Other           Tloc           11%        N/A       19%         3
 Anguish                  Hex/Necr       10%        N/A       21%         4
 Petrify                  Tmut/Erth      11%        N/A       54%         4
 Summon Hydra             Summ           23%        N/A       69%         7


Dungeon Overview and Level Annotations

Branches:
Dungeon (13/15)            Temple (1/1) D:5            Lair (4/5) D:10
 Shoals (0/4) Lair:3       Spider (0/4) Lair:3          Orc (0/2) D:10
  Sewer (visited)         Gauntlet (visited)
  Slime: Lair:4-5    Vaults: D:13-14

Altars:
Ashenzari
Cheibriados
Dithmenos
Elyvilon
Fedhas
Gozag
Hepliaklqana
Kikubaaqudgha
Makhleb
Nemelex Xobeh
Okawaru
Qazlal
Ru
Sif Muna
Trog
Uskayaw
Vehumet
Wu Jian
Xom
Yredelemnul
Zin
The Shining One

Shops:
D:2 (   D:3 ?   D:11 =   D:12 :

Portals:
Trove: D:11 (give +7 demon blade)

Annotations:
D:3 3 runed translucent doors, osoart's ghost, amateur DrSh
Lair:3 exclusion: 6 oklob plants


Innate Abilities, Weirdness & Mutations

You can breathe blasts of fire.
Your fiery red scales are hard. (AC +8)
You cannot fit into any form of body armour.
Your flesh is heat resistant. (rF+)
You are cold-blooded and may be slowed by cold attacks.


Message History

The wall freezes the yak.
The wall freezes the death yak but does no damage.
The death yak closely misses you.
You hit the death yak but do no damage.
You punch the death yak, but do no damage.
The death yak is lightly wounded.
The wall freezes the yak!!
You barely miss the death yak. You tail-slap the death yak.
The death yak is lightly wounded.
The yak is no longer moving slowly. x3; Your ice beast closely misses the yak.
You hit the death yak but do no damage.
The death yak is lightly wounded.
The yak completely misses your ice beast.
The wall freezes the yak!
The yak gores you.
The wall freezes the yak!
You block the yak's attack.
You hit the death yak.
The death yak is lightly wounded.
The wall freezes the death yak!
The death yak barely misses you.
Unknown command.
Your icy armour and frozen ramparts will break if you move.
Continue?
The yak attacks as you move away! The yak misses you.
Your icy armour cracks and falls away as you move.
The frozen ramparts melt away as you move.
Your ice beast barely misses the yak.
The yak barely misses your ice beast. The yak closely misses your ice beast.
The yak attacks as you move away! The yak closely misses you.
The death yak is no longer moving slowly.
Your ice beast hits the yak.
Your ice beast freezes the yak!
The yak gores your ice beast. x2
The death yak attacks as you move away! The death yak closely misses you.
The yak is no longer moving slowly.
Your ice beast barely misses the yak.
The yak barely misses your ice beast. The yak gores your ice beast!
The yak attacks as you move away! You block the yak's attack.
The death yak attacks as you move away! The death yak gores you!!
Your ice beast hits the yak.
Your ice beast freezes the yak!!
The yak gores your ice beast. The yak attacks as you move away!
The yak gores you.
* * * LOW HITPOINT WARNING * * *
The death yak attacks as you move away! The death yak gores you!!
You die...

#..PP.....>....
##÷..)........#
#...........###
##....YY.#...#
#......YYY#..#
#P......Y##..#
##...#...# #.#
#....YY..# .#
##...@...#.. .
#..........# #.
##.†##......#
#..#.###.#.##
#....#P.##...
##.<..........
###.##.### ##
### #


You could see a death yak, 6 yaks and a friendly ice beast (summoned).

Vanquished Creatures
  A minotaur (Gauntlet)
  A green death (Gauntlet)
  2 catoblepae (Lair:3)
  2 hydras
  4 boulder beetles
  3 death yaks (Lair:4)
  Urug (D:11)
  2 sixfirhies (Gauntlet)
  A skyshark (Lair:2)
  3 oklob plants
  An orc sorcerer (D:10)
  2 black mambas (Lair:3)
  A merfolk siren (Lair:3)
  2 guardian serpents (D:12)
  2 gargoyles
  An orange demon (Gauntlet)
  5 cane toads
  8 komodo dragons
  2 unseen horrors (D:10)
  5 trolls
  A merfolk (Lair:3)
  2 hornets (D:10)
  5 blink frogs
  36 yaks
  A vampire (D:9)
  A shadow (D:12)
  A basilisk (Lair:1)
  A steam dragon (D:8)
  8 vampire mosquitoes
  Edmund (D:4)
  Menkaure (D:4)
  4 wargs (D:10)
  9 water moccasins
  Duvessa (D:5)
  A floating eye (D:10)
  5 black bears
  Pargi (Sewer)
  An orc warrior (D:9)
  An ogre (D:7)
  11 wolves
  9 centaurs
  A phantom (D:7)
  Blork the orc (D:5)
  3 bullfrogs
  2 kobold brigands
  5 scorpions (D:4)
  3 gnoll sergeants
  Dowan (D:5)
  13 wights
  5 killer bees
  An electric eel (Lair:3)
  7 howler monkeys
  4 hounds
  5 orc priests
  A gnoll bouda (D:10)
  2 jellies
  3 iguanas
  2 sleepcaps
  Ijyb (D:3)
  8 orc wizards
  22 gnolls
  6 adders
  A shadow imp (D:5)
  A white imp (D:5)
  3 ufetubi
  3 worms
  3 dart slugs
  25 orcs
  4 ball pythons
  5 bats
  12 endoplasms
  4 giant cockroaches
  8 goblins
  12 hobgoblins
  4 jackals (D:3)
  3 quokkas
  7 frilled lizards
  19 kobolds
  7 rats
367 creatures vanquished.

Vanquished Creatures (collateral kills)
  A smoke demon (D:10)
  Grinder (D:4)
  A blink frog (Lair:3)
  2 yaks
  An orc wizard (D:11)
6 creatures vanquished.

Vanquished Creatures (others)
  A kobold (D:7)
1 creature vanquished.

Grand Total: 374 creatures vanquished

Notes
Turn   | Place    | Note
-------+----------+-------------------------------------------
     0 | D:1      | Hubris850 the Draconian Ice Elementalist began the quest
                  | for the Orb.
     0 | D:1      | Reached XP level 1. HP: 14/14 MP: 3/3
   184 | D:1      | Reached XP level 2. HP: 14/20 MP: 5/5
   472 | D:1      | Reached XP level 3. HP: 24/26 MP: 6/6
  1130 | D:2      | Reached XP level 4. HP: 28/33 MP: 8/8
  1131 | D:2      | Got the Dissertation on Blows
  1210 | D:2      | Found Asaegg's Antique Weapon Shop.
  1254 | D:2      | Found a faded altar of an unknown god.
  1380 | D:2      | Learned a level 3 spell: Frozen Ramparts
  1384 | D:2      | Learned a level 3 spell: Ozocubu's Armour
  1543 | D:2      | Found an iron altar of Okawaru.
  1618 | D:3      | Found a runed translucent gate.
  1619 | D:3      | Found a runed translucent gate.
  1620 | D:3      | Found a runed translucent gate.
  1696 | D:3      | Noticed osoart's ghost (amateur DrSh)
  1696 | D:3      | Noticed a kobold brigand
  1729 | D:3      | Noticed Ijyb
  1774 | D:3      | Killed Ijyb
  1775 | D:3      | Reached skill level 3 in Spellcasting
  1786 | D:3      | Reached skill level 1 in Short Blades
  1799 | D:3      | Found a bloodstained altar of Trog.
  1867 | D:3      | Found an ancient bone altar of Kikubaaqudgha.
  1922 | D:3      | Found Ukko's Magic Scroll Boutique.
  1928 | D:3      | Reached XP level 5. HP: 38/38 MP: 9/9
  1941 | D:3      | Bought a scroll of identify for 24 gold pieces
  2262 | D:4      | Reached skill level 5 in Ice Magic
  2383 | D:4      | Noticed Edmund
  2394 | D:4      | Noticed Menkaure
  2398 | D:4      | Killed Edmund
  2399 | D:4      | Reached XP level 6. HP: 33/45 MP: 11/11
  2403 | D:4      | Killed Menkaure
  2404 | D:4      | Reached skill level 4 in Spellcasting
  2409 | D:4      | Learned a level 4 spell: Summon Ice Beast
  2430 | D:4      | Your scales start taking on a fiery red colour.
  2430 | D:4      | Reached XP level 7. HP: 21/50 MP: 13/13
  2430 | D:4      | Gained mutation: Your flesh is heat resistant. (rF+) [Red
                  | Draconian growth]
  2825 | D:4      | Found a sparkling altar of Nemelex Xobeh.
  2869 | D:4      | Noticed Grinder
  2880 | D:4      | Paralysed by Grinder for 3 turns
  2889 | D:4      | Killed Grinder
  2890 | D:4      | Reached skill level 5 in Ice Magic
  3070 | D:5      | Entered Level 5 of the Dungeon
  3097 | D:5      | Noticed Duvessa
  3099 | D:5      | Noticed Dowan
  3128 | D:5      | Killed Duvessa
  3129 | D:5      | Reached skill level 5 in Spellcasting
  3139 | D:5      | Killed Dowan
  3140 | D:5      | Reached XP level 8. HP: 26/57 MP: 15/15
  3416 | D:5      | Noticed Blork the orc
  3457 | D:5      | Killed Blork the orc
  3490 | D:5      | Reached skill level 5 in Short Blades
  3519 | D:5      | Found a staircase to the Ecumenical Temple.
  3621 | Temple   | Entered the Ecumenical Temple
  3649 | Temple   | Prayed at the altar of an unknown god.
  3649 | Temple   | Became a worshipper of Sif Muna the Loreminder
  3649 | Temple   | Reached * piety under Sif Muna
  4138 | D:6      | Reached skill level 6 in Spellcasting
  4650 | D:6      | Found a glowing drain.
  4658 | Sewer    | Entered a sewer
  4781 | Sewer    | Noticed Pargi
  4793 | Sewer    | Killed Pargi
  5267 | D:7      | Reached XP level 9. HP: 62/62 MP: 18/18
  5434 | D:7      | Found a glowing silver altar of Zin.
  5742 | D:7      | Reached ** piety under Sif Muna
  5956 | D:7      | Reached skill level 7 in Spellcasting
  6059 | D:7      | Found a glowing golden altar of the Shining One.
  6090 | D:7      | Identified the +1 robe "Deguimob" {Rampage Str+4 Int+4
                  | Dex-3}
  6324 | D:8      | Found a stormy altar of Qazlal.
  6381 | D:8      | Found a sacrificial altar of Ru.
  7202 | D:8      | Found an ornate altar of the Wu Jian Council.
  7478 | D:9      | Reached skill level 1 in Summonings
  7584 | D:9      | Found a shimmering blue altar of Sif Muna.
  7682 | D:9      | Noticed a troll
  7697 | D:9      | Killed a troll
  7936 | D:9      | Reached *** piety under Sif Muna
  7937 | D:9      | Reached XP level 10. HP: 69/69 MP: 21/21
  8518 | D:10     | Entered Level 10 of the Dungeon
  8524 | D:10     | Found a staircase to the Lair.
  8620 | D:10     | Reached skill level 8 in Spellcasting
  8701 | D:10     | Found a staircase to the Orcish Mines.
  8932 | D:10     | Found an iron altar of Okawaru.
  9356 | D:10     | Paralysed by a floating eye for 4 turns
  9523 | D:10     | Noticed an orc sorcerer
  9536 | D:10     | Killed an orc sorcerer
  9830 | D:10     | Reached XP level 11. HP: 35/74 MP: 19/23
 10227 | D:10     | Found a burning altar of Makhleb.
 10242 | D:10     | Reached skill level 5 in Summonings
 10400 | D:11     | Reached skill level 9 in Spellcasting
 10400 | D:11     | Reached **** piety under Sif Muna
 10491 | D:11     | Identified the +0 robe of Zayv {Will++}
 10560 | D:11     | Identified the +0 leather armour of Youthful Indiscretion
                  | {Slay+3}
 10597 | D:11     | Noticed a boulder beetle
 10618 | D:11     | Killed a boulder beetle
 10656 | D:11     | Found Biuzaeri's Jewellery Shop.
 11066 | D:11     | Found a portal to a secret trove of treasure.
 11066 | D:11     | Noticed Urug
 11088 | D:11     | Killed Urug
 12547 | D:12     | Found Zetogg's Book Shop.
 12743 | D:12     | Learned a level 3 spell: Hailstorm
 12749 | D:12     | Learned a level 5 spell: Metabolic Englaciation
 12790 | D:12     | Reached skill level 10 in Short Blades
 12947 | D:12     | Noticed a boulder beetle
 12970 | D:12     | Killed a boulder beetle
 12971 | D:12     | Reached skill level 1 in Conjurations
 12971 | D:12     | Reached skill level 1 in Hexes
 13392 | D:13     | Noticed a boulder beetle
 13423 | D:13     | Killed a boulder beetle
 13424 | D:13     | Reached skill level 10 in Spellcasting
 13492 | Lair:1   | Entered Level 1 of the Lair of Beasts
 13492 | Lair:1   | Noticed a five-headed hydra
 13750 | Lair:1   | Killed a five-headed hydra
 13751 | Lair:1   | Reached XP level 12. HP: 80/81 MP: 15/26
 14606 | Lair:1   | Found a blossoming altar of Fedhas.
 15205 | Lair:2   | Noticed a seven-headed hydra
 15218 | Lair:2   | Killed a seven-headed hydra
 15228 | Lair:2   | Found a gate leading to a gauntlet.
 15237 | Gauntlet | Entered a Gauntlet
 15237 | Gauntlet | Found a transporter.
 15238 | Gauntlet | Found a runed translucent door.
 15240 | Gauntlet | Found a transporter.
 15241 | Gauntlet | Found a transporter.
 15242 | Gauntlet | Noticed a blizzard demon
 15245 | Gauntlet | Found a transporter.
 15246 | Gauntlet | Found a transporter.
 15247 | Gauntlet | Found a transporter.
 15254 | Gauntlet | Found a transporter.
 15259 | Gauntlet | Found a transporter.
 15259 | Gauntlet | Noticed a green death
 15261 | Gauntlet | Found the +3 pair of seven-league boots {Rampage+∞}
 15300 | Gauntlet | Found a transporter.
 15310 | Gauntlet | Noticed a green death
 15319 | Gauntlet | Found a transporter.
 15321 | Gauntlet | Found a transporter.
 15325 | Gauntlet | Noticed a death yak
 15329 | Gauntlet | Noticed a death yak
 15329 | Gauntlet | Noticed a death yak
 15330 | Gauntlet | Noticed a death yak
 15330 | Gauntlet | Noticed a death yak
 15335 | Gauntlet | Found a transporter.
 15365 | Gauntlet | Found a runed translucent door.
 15394 | Gauntlet | Identified the ring "Pizonlem" {rElec Dex+6}
 15425 | Gauntlet | Killed a green death
 15625 | Gauntlet | Noticed a minotaur
 15652 | Gauntlet | Killed a minotaur
 15847 | Lair:2   | Reached skill level 5 in Conjurations
 16284 | Lair:2   | You fall into a shaft and drop 1 floor!
 16641 | Lair:3   | Reached skill level 11 in Spellcasting
 16657 | Lair:3   | Noticed a catoblepas
 16696 | Lair:3   | Killed a catoblepas
 16697 | Lair:3   | Reached skill level 5 in Hexes
 17158 | Lair:3   | Noticed a catoblepas
 17213 | Lair:3   | Killed a catoblepas
 17214 | Lair:3   | Reached XP level 13. HP: 49/86 MP: 18/28
 17386 | Lair:3   | Reached skill level 1 in Evocations
 17810 | Lair:3   | Reached ***** piety under Sif Muna
 17947 | Lair:3   | Received a gift from Sif Muna
 17976 | Lair:3   | Learned a level 2 spell: Ensorcelled Hibernation
 18503 | Lair:3   | Found a hole to the Spider Nest.
 18911 | Lair:3   | Found a staircase to the Shoals.
 19769 | Lair:4   | Slain by a death yak

Illustrated notes

Levels and vault maps discovered:
D:1:      dpeg_arrival_subterranean_lakeside_camping, layout_basic
D:2:      layout_rooms, basic_altar, hellmonk_ecumenical_altar_heavens_door,
          serial_shops, shop
D:3:      layout_rooms, lemuel_crystal_altar,
          mainiacjoe_overflow_concentric_impassable, serial_shops,
          nicolae_diamond_shop, gammafunk_ghost_nasty_kobolds, uniq_ijyb
D:4:      layout_basic, kennysheep_mini, uniq_menkaure, uniq_edmund,
          uniq_grinder
D:5:      layout_cave_pools, minmay_temple_entry_proselytizer,
          uniq_blork_the_orc, uniq_duvessa
D:6:      layout_basic, cheibrodos_sewer_entry_bend
D:7:      minmay_evil_eye, layout_rooms, mainiacjoe_overflow_six_doors_small,
          kennysheep_mini_moat, nicolae_nh_ransacked_shop
D:8:      layout_basic, nicolae_ru_sacrificial_ziggurat,
          mainiacjoe_overflow_alcove_2, mainiacjoe_overflow_catwalk,
          serial_park_tiny_2, st_stairs_6
D:9:      layout_roguey, led_sif_book
D:10:     hellmonk_paralyzer, layout_stronghold, lemuel_doored_altar,
          demons_altar, dpeg_oklobed_lair, minmay_orc_entry_guard_dogs
D:11:     layout_irregular_city, nicolae_trove_entry_diagonal, serial_rivers,
          chequers_serial_rivers_micro_e, chequers_serial_rivers_small_3,
          chequers_serial_rivers_large_b, chequers_serial_rivers_small_b,
          serial_shops, nicolae_shop_hallway_plus, uniq_urug
D:12:     nrook_guardian_serpent_snake_passage, layout_loops_corners,
          serial_shops, nicolae_diamond_shop
D:13:     layout_big_octagon
Temple:   chequers_temple_sunken
Lair:1:   layout_big_grid, tgw_fedhas
Lair:2:   beargit_carnivore_pack, layout_gridlike, gauntlet_entry_generic,
          patterned_corridor, grunt_megastairs_4
Lair:3:   layout_roguey, elwin_shoals_entry_rooms, dummy_spider_entry,
          dpeg_oklob_1
Lair:4:   layout_loops_ring, ebering_ghost_rock_garden

Skill      XL: |  1  2  3  4  5  6  7  8  9 10 11 12 13 |
---------------+----------------------------------------+-----
Dodging        | 2 3 |  3.5
Stealth        | 2 |  2.0
Spellcasting   | 3 4 5 6 7 8 10 11 | 11.6
Short Blades   | 1 2 4 6 7 9 10 | 10.0
Ice Magic      | 5 4 5 6 7 8 9 |  9.2
Summonings     | 2 4 7 8 9 |  9.7
Conjurations   | 2 5 6 |  6.9
Hexes          | 2 5 |  5.4
Evocations     | 3 |  3.7

Action                     |  1- 3 |  4- 6 |  7- 9 | 10-12 | 13-15 || total
---------------------------+-------+-------+-------+-------+-------++-------
  Melee: Unarmed           |    48 |       |       |       |       ||    48
         Tailslap          |    10 |    23 |    93 |   160 |    49 ||   335
         Dagger            |    51 |   126 |   647 |   738 |   222 ||  1784
         Punch             |     1 |       |     9 |     9 |     9 ||    28
  Throw: Dart              |     2 |     9 |    42 |    54 |     9 ||   116
   Cast: Freeze            |    16 |     6 |     3 |       |       ||    25
         Frozen Ramparts   |       |       |     7 |    51 |    19 ||    77
         Ozocubu's Armour  |       |       |     2 |    47 |    11 ||    60
         Summon Ice Beast  |       |       |     1 |    25 |     6 ||    32
         Metabolic Englaci |       |       |       |     4 |     2 ||     6
         Hailstorm         |       |       |       |    11 |     6 ||    17
         Ensorcelled Hiber |       |       |       |       |     2 ||     2
Ability: Breathe Fire      |       |       |     8 |    24 |     3 ||    35
  Evoke: Wand              |       |    19 |     5 |     8 |       ||    32
    Use: Scroll            |       |     2 |     8 |    18 |       ||    28
         Potion            |       |     2 |     4 |     4 |       ||    10
   Stab: Sleeping          |     5 |     4 |     7 |     2 |     1 ||    19
         Invisible         |       |       |       |     4 |       ||     4
 Armour: Skin              |    22 |    28 |    92 |   116 |    19 ||   277
  Dodge: Dodged            |    54 |    43 |   234 |   280 |    76 ||   687
  Block: Other             |     9 |    17 |    81 |    82 |    19 ||   208
         Reflection        |       |     1 |     4 |     3 |       ||     8

Table legend: (Time is in decaauts)
 A = Elapsed time spent in this place.
 B = Non-inter-level travel time spent in this place.
 C = Inter-level travel time spent in this place.
 D = Time resting spent in this place.
 E = Time spent auto-exploring this place.
 F = Levels seen in this place.
 G = Mean time per level.
                   A        B        C        D        E       F      G
               +--------+--------+--------+--------+--------+-----+--------+
         Total |  18830 |  18232 |    598 |   3982 |   9602 |  20 |  941.5 |
       Dungeon |  12785 |  12358 |    427 |   1407 |   7899 |  13 |  983.5 |
        Temple |     71 |     71 |      0 |      0 |      0 |   1 |   71.0 |
          Lair |   5323 |   5153 |    170 |   2351 |   1703 |   4 | 1330.8 |
         Sewer |    247 |    247 |      0 |     87 |      0 |   1 |  247.0 |
      Gauntlet |    403 |    403 |      0 |    137 |      0 |   1 |  403.0 |
               +--------+--------+--------+--------+--------+-----+--------+

Top non-repeatable levels by time:
  Lair:3: 3045 daAuts
    D:10: 1977 daAuts
    D:12: 1509 daAuts
    D:11: 1468 daAuts
  Lair:1: 1220 daAuts
     D:8: 1098 daAuts
     D:9: 1029 daAuts
     D:6: 1010 daAuts
     D:1: 993 daAuts
     D:4: 964 daAuts
     D:7: 811 daAuts
     D:5: 809 daAuts
  Lair:2: 786 daAuts
     D:2: 583 daAuts
     D:3: 499 daAuts
